 Dungeon Crawl Stone Soup version 0.27.1-2-g3b301248ec (webtiles) character file.

Game seed: 2454643282030613363

2665 Urokeeper the Basher (level 9, -16/78 HPs)
             Began as a Minotaur Fighter on Sept 29, 2021.
             Was an Initiate of Wu Jian.
             Demolished by a two-headed ogre (17 damage)
             ... while paralysed by a centaur
             ... on level 8 of the Dungeon.
             The game lasted 00:41:19 (7082 turns).

Urokeeper the Basher (Minotaur Fighter)             Turns: 7082, Time: 00:41:19

Health: -16/78     AC: 12    Str: 25    XL:     9   Next: 36%
Magic:  8/8        EV:  2    Int:  5    God:    Wu Jian [......]
Gold:   371        SH:  0    Dex:  9    Spells: 8/8 levels left

rFire    + . .     SeeInvis .   a - +0 flail
rCold    . . .     Faith    .   c - +0 kite shield
rNeg     . . .     Spirit   .   m - +0 chain mail
rPois    +         Reflect  +   (helmet restricted)
rElec    .         Harm     .   (no cloak)
rCorr    .         Rampage  .   e - +0 pair of gloves
Will     .....                  (no boots)
Stlth    ..........             x - amulet of reflection
HPRegen  0.23/turn              y - ring of protection from fire
MPRegen  0.11/turn              q - ring of poison resistance

@: paralysed
A: horns 2, retaliatory headbutt
a: Renounce Religion


You were on level 8 of the Dungeon.
You worshipped Wu Jian.
Wu Jian was noncommittal.
You visited 2 branches of the dungeon, and saw 9 of its levels.
You also visited: Ossuary.

You collected 371 gold pieces.

Inventory:

Hand Weapons
 a - a +0 flail (weapon)
 H - a +2 vorpal dire flail
Missiles
 n - 8 boomerangs (quivered)
 G - 16 poisoned darts
 J - 2 boomerangs of dispersal
Armour
 c - a +0 kite shield (worn)
 e - a +0 pair of gloves (worn)
 m - a +0 chain mail (worn)
 F - a +1 leather armour of fire resistance
 K - a +2 leather armour of fire resistance
Magical Staves
 t - a staff of conjuration
Jewellery
 k - a ring of resist corrosion
 q - a ring of poison resistance (right hand)
 x - an amulet of reflection (around neck)
 y - a ring of protection from fire (left hand)
 z - a ring of positive energy
 A - a ring of positive energy
Scrolls
 f - 2 scrolls of amnesia
 j - 3 scrolls of noise
 o - a scroll of torment
 p - a scroll of holy word {unknown}
 s - a scroll of silence
 v - a scroll of fog
 C - a scroll of teleportation {unknown}
 I - 6 scrolls of enchant weapon {unknown}
 L - a scroll of magic mapping
Potions
 b - a potion of brilliance
 d - a potion of might
 g - a potion of ambrosia
 h - 3 potions of heal wounds
 i - a potion of haste
 l - 3 potions of magic
 r - 2 potions of curing
 u - a potion of invisibility
 w - a potion of lignification
 B - a potion of berserk rage
 D - a potion of degeneration {unknown}
 E - a potion of resistance {unknown}
 M - a potion of flight {unknown}


   Skills:
 + Level 6.7 Fighting
 + Level 9.3 Maces & Flails
 + Level 0.4 Throwing
 + Level 7.8 Armour
 + Level 2.2 Dodging
 + Level 0.5 Stealth
 + Level 8.9 Shields


You had 8 spell levels left.
You didn't know any spells.
Your spell library contained the following spells:

 Spells                   Type           Power      Damage    Failure   Level
 Animate Skeleton         Necr           0%         N/A       100%        1
 Apportation              Tloc           0%         N/A       100%        1
 Beastly Appendage        Tmut           0%         N/A       100%        1
 Corona                   Hex            0%         N/A       100%        1
 Magic Dart               Conj           0%         1d3       100%        1
 Pain                     Necr           0%         1d4       100%        1
 Summon Small Mammal      Summ           0%         N/A       100%        1
 Blink                    Tloc           N/A        N/A       100%        2
 Call Imp                 Summ           0%         N/A       100%        2
 Corpse Rot               Necr/Air       N/A        N/A       100%        2
 Ensorcelled Hibernation  Hex/Ice        0%         N/A       100%        2
 Wereblood                Tmut           0%         N/A       100%        2
 Gell's Gravitas          Tloc           0%         N/A       100%        3
 Lesser Beckoning         Tloc           0%         N/A       100%        3
 Mephitic Cloud           Conj/Pois/Air  0%         N/A       100%        3
 Spider Form              Tmut/Pois      0%         N/A       100%        3
 Teleport Other           Tloc           0%         N/A       100%        3
 Tukima's Dance           Hex            0%         N/A       100%        3
 Vampiric Draining        Necr           0%         2d6       100%        3
 Dispel Undead            Necr           0%         3d6       100%        4
 Manifold Assault         Tloc           0%         N/A       100%        5
 Death Channel            Necr           0%         N/A       100%        6
 Shadow Creatures         Summ           N/A        N/A       100%        6


Dungeon Overview and Level Annotations

Branches:
Dungeon (8/15)             Temple (1/1) D:6         Ossuary (visited)
   Lair: D:8-11

Altars:
Ashenzari
Cheibriados
Dithmenos
Elyvilon
Fedhas
Gozag
Kikubaaqudgha
Qazlal
Ru
Uskayaw
Vehumet
Wu Jian
Xom
Yredelemnul
Zin
The Shining One

Shops:
D:2 *   D:7 :

Annotations:
D:6 Blork the orc


Innate Abilities, Weirdness & Mutations

You have a pair of horns on your head.
You reflexively headbutt those who attack you in melee.


Message History

You thump the wyvern zombie!
You destroy the wyvern zombie!
The Council accepts your kill.
Found a stone staircase leading up.
Found a stone staircase leading up.
Found a buckler.
Found 25 stones.
Found a stone staircase leading down.
Found 12 stones.
The centaur shouts!
The centaur unwields a +0 trident.
The centaur wields a +0 shortbow.
The centaur shoots an arrow.
The arrow hits you but does no damage.
The centaur zaps a wand.
You easily resist.
The centaur zaps a wand.
You easily resist.
The centaur shoots an arrow.
You reflect the arrow off an invisible shield around you!
The arrow hits the centaur.
The centaur zaps a wand.
You suddenly lose the ability to move!
A two-headed ogre comes into view. It is wielding two +0 giant clubs.
The centaur shoots an arrow.
The arrow hits you but does no damage.
The two-headed ogre shouts in stereo!
The centaur shoots an arrow.
The arrow barely misses you.
The centaur shoots an arrow.
The arrow hits you!
You can move again.
The centaur shoots an arrow.
You reflect the arrow off an invisible shield around you!
The arrow hits the centaur!
The centaur shoots an arrow.
The arrow misses you.
The centaur zaps a wand.
You suddenly lose the ability to move!
The centaur shoots an arrow.
The arrow hits you but does no damage.
The two-headed ogre hits you with a +0 giant club!!
The two-headed ogre hits you but does no damage.
The two-headed ogre hits you with a +0 giant club.
The two-headed ogre hits you with a +0 giant club!
The centaur shoots an arrow.
The arrow hits you!
The centaur shoots an arrow.
The arrow barely misses you.
The two-headed ogre hits you with a +0 giant club!!
* * * LOW HITPOINT WARNING * * *
The two-headed ogre hits you with a +0 giant club!
You die...

.# ##......)....#
.(..##.#.#.#.#....#
....#.............###
.....#.#.#.#.#......#
...........(......#.##
....#c#.#.#.#...#...###
.............######...#
..##.#O#.#.## ###..
#.>@......# ##.
##.#.#.#.## ###..
######### ###...#
#...### ###...# ###..
##. ###.. ###...#


You could see a two-headed ogre and a centaur.

Vanquished Creatures
  A gargoyle (D:8)
  Eustachio (D:6)
  A steam dragon (D:6)
  Menkaure (D:6)
  Edmund (D:6)
  An ice beast (D:6)
  A water moccasin (D:5)
  2 sky beasts
  An ogre (D:6)
  A centaur (D:8)
  A phantom (D:5)
  3 bullfrogs (D:8)
  An elf zombie (Ossuary)
  A wyvern zombie (D:8)
  A scorpion (D:6)
  A water moccasin skeleton (D:6)
  4 howler monkeys
  A bullfrog zombie (D:5)
  3 hounds
  A human zombie (Ossuary)
  A jelly (D:6)
  2 bullfrog skeletons
  2 centaur skeletons (D:6)
  An orc priest (D:5)
  An iguana (D:6)
  3 orc wizards (D:5)
  2 hound zombies (Ossuary)
  A hound skeleton (D:4)
  3 mummies (Ossuary)
  A howler monkey zombie (D:5)
  An adder (D:6)
  2 shadow imps (D:7)
  A white imp (D:8)
  An ufetubus (D:5)
  2 adder zombies (Ossuary)
  2 worms (D:3)
  5 dart slugs
  18 orcs
  2 bats
  8 endoplasms
  2 giant cockroaches
  2 goblins
  4 hobgoblins
  9 kobolds
  A quokka (D:2)
  9 ball pythons
  A frilled lizard (D:2)
  4 gnoll zombies (Ossuary)
  4 goblin zombies (Ossuary)
  5 jackal zombies (Ossuary)
  2 kobold zombies (Ossuary)
  6 quokka zombies (Ossuary)
  3 rats
  5 rat zombies (Ossuary)
144 creatures vanquished.

Notes
Turn   | Place    | Note
-------+----------+-------------------------------------------
     0 | D:1      | Urokeeper the Minotaur Fighter began the quest for the Orb.
     0 | D:1      | Reached XP level 1. HP: 19/19 MP: 0/0
   407 | D:1      | Reached XP level 2. HP: 27/27 MP: 1/1
   732 | D:1      | Found a faded altar of an unknown god.
  1329 | D:2      | Found Gapse's Assorted Antiques.
  1469 | D:2      | Reached XP level 3. HP: 33/33 MP: 2/2
  1508 | D:2      | Reached skill level 3 in Maces & Flails
  1534 | D:2      | Found a radiant altar of Vehumet.
  2554 | D:4      | Reached XP level 4. HP: 40/40 MP: 3/3
  2581 | D:4      | Noticed an ogre
  2807 | D:5      | Entered Level 5 of the Dungeon
  2969 | D:5      | Noticed a phantom
  2989 | D:5      | Killed a phantom
  2990 | D:5      | Reached skill level 4 in Maces & Flails
  2990 | D:5      | Reached skill level 5 in Armour
  2990 | D:5      | Reached XP level 5. HP: 44/47 MP: 4/4
  3314 | D:5      | Reached XP level 6. HP: 50/53 MP: 5/5
  3320 | D:5      | Reached skill level 5 in Maces & Flails
  3456 | D:5      | Noticed a water moccasin
  3687 | D:5      | Reached skill level 5 in Fighting
  3695 | D:6      | Found a staircase to the Ecumenical Temple.
  3711 | Temple   | Entered the Ecumenical Temple
  3972 | D:6      | Found a sand-covered staircase.
  3984 | Ossuary  | Entered an ossuary
  4018 | Ossuary  | Reached skill level 5 in Shields
  4025 | Ossuary  | Reached skill level 1 in Dodging
  4199 | Ossuary  | Reached XP level 7. HP: 44/61 MP: 6/6
  4477 | D:6      | Reached skill level 6 in Maces & Flails
  4661 | D:6      | Noticed Eustachio
  4663 | D:6      | Noticed Blork the orc
  4918 | D:6      | Reached skill level 7 in Maces & Flails
  5038 | D:6      | Noticed a steam dragon
  5039 | D:6      | Killed Eustachio
  5040 | D:6      | Reached XP level 8. HP: 67/69 MP: 7/7
  5368 | D:6      | Noticed Edmund
  5398 | D:6      | Killed Edmund
  5510 | D:6      | Noticed Menkaure
  5521 | D:6      | Killed Menkaure
  5522 | D:6      | Reached skill level 8 in Maces & Flails
  5885 | Temple   | Became a worshipper of the Wu Jian Council
  6088 | D:7      | Found Uddiatto's Book Emporium.
  6224 | D:7      | Found an ancient bone altar of Kikubaaqudgha.
  6226 | D:7      | Found a shimmering altar of Xom.
  6252 | D:7      | Found a basalt altar of Yredelemnul.
  6255 | D:7      | Found a blossoming altar of Fedhas.
  6259 | D:7      | Found a white marble altar of Elyvilon.
  6482 | D:8      | Reached XP level 9. HP: 78/78 MP: 8/8
  6590 | D:8      | Found a snail-covered altar of Cheibriados.
  6609 | D:8      | Noticed a gargoyle
  6628 | D:8      | Killed a gargoyle
  6629 | D:8      | Reached skill level 9 in Maces & Flails
  7071 | D:8      | Paralysed by a centaur for 4 turns
  7071 | D:8      | Noticed a two-headed ogre
  7077 | D:8      | Paralysed by a centaur for 6 turns
  7082 | D:8      | HP: 1/78 [two-headed ogre (25)]
  7082 | D:8      | Demolished by a two-headed ogre

Illustrated notes

Levels and vault maps discovered:
D:1:      beargit_arrival_diablo_church, layout_loops_ring,
          shapermc_ecumenical_altar_ellora, minmay_misc_feat_four_crosses,
          minmay_misc_feat_doors, st_stairs_7
D:2:      layout_loops_ring, basic_altar, serial_shops, nicolae_shop_stone
D:3:      layout_basic
D:4:      layout_gridville, grunt_temple_overflow_bloody_war
D:5:      layout_basic
D:6:      layout_basic, minmay_temple_entry_junction, enter_ossuary_3,
          serial_park_tiny_pond, chequers_serial_rivers_room_a, st_stairs_10,
          uniq_edmund, uniq_eustachio, uniq_blork_the_orc, uniq_menkaure
D:7:      layout_rooms, grunt_temple_overflow_open, serial_shops,
          nicolae_diamond_shop, minmay_misc_feat_iff, corexii_corridor_pit,
          minmay_misc_feat_columns
D:8:      layout_basic, cheibriados_altar_1, serial_curves, eino_curves_04,
          eino_curves_03, grunt_ministairs_9, st_stairs_9,
          grunt_decor_one_mirror
Temple:   jpeg_temple_alley_garden

Skill      XL: |  1  2  3  4  5  6  7  8  9 |
---------------+----------------------------+-----
Armour         | 4 5 6 7 |  7.8
Fighting       | 4 5 6 |  6.7
Maces & Flails | 3 4 5 7 8 9 |  9.3
Shields        | 4 5 6 7 8 |  8.9
Dodging        | 1 2 |  2.2
Throwing       | |  0.4
Stealth        | |  0.5

Action                   |  1- 3 |  4- 6 |  7- 9 || total
-------------------------+-------+-------+-------++-------
Melee: Flail             |   106 |   157 |   235 ||   498
       Headbutt          |    15 |    29 |    42 ||    86
Throw: Boomerang         |       |       |     2 ||     2
Invok: Lunge             |       |       |     2 ||     2
  Use: Scroll            |     9 |     5 |     3 ||    17
       Potion            |       |     1 |     1 ||     2
Armor: Scale mail        |    29 |       |       ||    29
       Chain mail        |    12 |    80 |    70 ||   162
Dodge: Dodged            |    25 |    34 |    38 ||    97
Block: Kite shield       |    49 |   122 |   184 ||   355
       Reflection        |       |       |     6 ||     6
